 Dungeon Crawl Stone Soup version 0.31.0-11-ge490571c62 (webtiles) character file.

Game seed: 14973506942476500307

702 hawla the Conjurer (level 7, -1/54 HPs)
             Began as a Deep Elf Conjurer on Jan 29, 2024.
             Slain by a hound (5 damage)
             ... on level 5 of the Dungeon.
             The game lasted 00:10:31 (4299 turns).

hawla the Conjurer (Deep Elf Conjurer)              Turns: 4299, Time: 00:10:31

Health: -1/54      AC:  2    Str:  3 (4)  XL:     7   Next: 38%
Magic:  2/18       EV: 13    Int: 24 (25) God:
Gold:   163        SH:  0    Dex: 13      Spells: 6/18 levels left

rFire   . . .        (no weapon)
rCold   . . .        (no shield)
rNeg    . . .        a - +0 robe
rPois   .            (no helmet)
rElec   .            (no cloak)
rCorr   .            (no gloves)
SInv    .            (no boots)
Will    .....        (no amulet) Stlth
                     (no ring)
HPRegen 0.29/turn    (no ring)
MPRegen 0.16/turn

%: no passive effects
@: berserking, very quick
A: no striking features
a: no special abilities


You were on level 5 of the Dungeon.
You visited 1 branch of the dungeon, and saw 5 of its levels.

You collected 163 gold pieces.

Inventory:

Armour
 a - a +0 robe (worn)
Jewellery
 h - a ring of wizardry
Wands
 e - a wand of paralysis (1)
 l - a wand of flame (16) (quivered)
Scrolls
 b - a scroll of identify
Potions
 c - 2 potions of enlightenment


   Skills:
 - Level 5.0 Dodging
 - Level 2.4 Stealth
 - Level 6.0 Spellcasting
 - Level 6.0 Conjurations
 - Level 2.0 Translocations
 - Level 4.0 Ice Magic
 + Level 1.7 Evocations


You had 6 spell levels left.
You knew the following spells:

 Your Spells              Type           Power      Damage    Failure   Level
a - Magic Dart            Conj           100%       1d8       1%          1
b - Searing Ray           Conj           72%        2d7       1%          2
c - Iskenderun's Mystic   Conj/Tloc      26%        2d7       16%         4
d - Freezing Cloud        Conj/Ice/Air   11%        6-21      50%         5

Your spell library contained the following spells:

 Spells                   Type           Power      Damage    Failure   Level
 Ensorcelled Hibernation  Hex/Ice        32%        N/A       5%          2
 Cigotuvi's Dreadful Rot  Necr/Alch/Air  14%        N/A       12%         2
 Fulminant Prism          Conj/Alch      10%        3d8       22%         4
 Passwall                 Erth           7%         N/A       24%         3
 Swiftness                Air            7%         N/A       24%         3
 Ignite Poison            Fire/Alch      7%         N/A       61%         4


Dungeon Overview and Level Annotations

Branches:
Dungeon (5/15)
 Temple: D:4-7

Altars:
Makhleb


Message History

A black bear comes into view.
The searing ray hits the ufetubus!
You kill the ufetubus!
You feel sick.
The black bear growls angrily.
Something hits you.
Casting: Searing Ray (safe; 1% risk of failure)
Confirm with . or Enter, or press ? or * to list all spells.
You erupt in a blast of force!
The mystic blast hits the ufetubus.
The ufetubus is severely wounded.
The ufetubus is knocked back by the mystic blast.
The mystic blast hits something.
You feel sick.
The hound barks!
You hear an angry hiss.
Aiming: Paralyse
Press: ? - help, Shift-Dir - straight line, f - black bear
Aim: a black bear (chance to affect: 51%)
The black bear resists with significant effort.
You feel sick.
Casting: Iskenderun's Mystic Blast (quite dangerous; 16% risk of failure)
Confirm with . or Enter, or press ? or * to list all spells.
You erupt in a blast of force!
The mystic blast hits the ufetubus!
You kill the ufetubus!
The mystic blast hits something!
Reactivating autopickup.
You feel a bit more experienced.
You feel sick.
You are no longer poisoned.
The hound pauses to sniff the ground.
Okay, then.
Okay, then.
The hound closely misses you. The hound barely misses you.
The hound closely misses you. The hound completely misses you.
The hound bites you. The black bear bites you.
* * * LOW HITPOINT WARNING * * *
The black bear claws you.
* * * LOW HITPOINT WARNING * * *
The black bear closely misses you.
A red film seems to cover your vision as you go berserk!
You feel yourself moving faster!
You feel mighty! The hound bites you.
You die...

##########
.........####
......).....## #
.............#...
........h........
........h@..l....
.................
.................
.................
.................
..>..#...........
...#...........
.. ............
####### #......


You could see a black bear, an iguana and a hound.

Vanquished Creatures
  A black bear (D:4)
  An ice beast (D:4)
  An ogre (D:4)
  2 scorpions
  2 orc priests (D:4)
  Jessica (D:3)
  Natasha (twice) (D:3)
  2 orc wizards
  3 adders
  3 shadow imps (D:4)
  2 ufetubi (D:5)
  14 orcs
  3 bats
  8 endoplasms
  2 giant cockroaches
  3 goblins
  4 hobgoblins
  3 jackals
  3 quokkas
  2 ball pythons
  5 frilled lizards (D:2)
  6 kobolds
  6 rats
79 creatures vanquished.

Notes
Turn   | Place    | Note
-------+----------+-------------------------------------------
     0 | D:1      | hawla the Deep Elf Conjurer began the quest for the Orb.
     0 | D:1      | Reached XP level 1. HP: 10/10 MP: 6/6
   320 | D:1      | Reached XP level 2. HP: 15/15 MP: 5/8
   462 | D:1      | Reached skill level 5 in Conjurations
  1166 | D:2      | Learned a level 2 spell: Searing Ray
  1299 | D:2      | Reached XP level 3. HP: 12/19 MP: 0/9
  2080 | D:3      | Noticed Jessica
  2087 | D:3      | Killed Jessica
  2088 | D:3      | Reached XP level 4. HP: 24/24 MP: 7/11
  2469 | D:3      | Learned a level 4 spell: Iskenderun's Mystic Blast
  2470 | D:3      | Reached skill level 5 in Spellcasting
  2646 | D:3      | Reached XP level 5. HP: 28/28 MP: 8/14
  2736 | D:3      | Noticed Natasha
  2742 | D:3      | Killed Natasha
  2742 | D:3      | Noticed Natasha
  2746 | D:3      | Killed Natasha
  2906 | D:4      | Noticed an ogre
  2914 | D:4      | Killed an ogre
  2915 | D:4      | Reached XP level 6. HP: 28/32 MP: 2/17
  3349 | D:4      | Found a burning altar of Makhleb.
  3463 | D:4      | Found a transporter.
  3667 | D:4      | Found a transporter.
  3943 | D:4      | Learned a level 5 spell: Freezing Cloud
  3946 | D:4      | HP: 1/48 [orc priest/divine providence (12)]
  3952 | D:4      | Reached skill level 5 in Dodging
  3952 | D:4      | Reached skill level 1 in Ice Magic
  4091 | D:5      | Entered Level 5 of the Dungeon
  4091 | D:5      | Noticed an ice beast
  4103 | D:4      | Reached XP level 7. HP: 32/36 MP: 12/18
  4289 | D:5      | Reached skill level 1 in Evocations
  4299 | D:5      | Slain by a hound

Illustrated notes

Levels and vault maps discovered:
D:1:      amcnicky_arrival_feature_with_door, layout_loops_corners,
          minmay_misc_feat_iff
D:2:      layout_loops_ring
D:3:      layout_rooms, uniq_natasha, uniq_jessica
D:4:      gammafunk_wand_slinger, layout_basic, mainiacjoe_overflow_24_doors,
          st_stairs_8
D:5:      layout_rooms, uniq_sigmund

Skill      XL: |  1  2  3  4  5  6  7 |
---------------+----------------------+-----
Conjurations   | 5 6 |  6.0
Spellcasting   | 5 6 |  6.0
Translocations | 2 |  2.0
Dodging        | 3 5 |  5.0
Ice Magic      | 2 4 |  4.0
Evocations     | 1 |  1.7
Stealth        | |  2.4

Action                     |  1- 3 |  4- 6 |  7- 9 || total
---------------------------+-------+-------+-------++-------
  Melee: Unarmed           |       |     5 |       ||     5
   Cast: Magic Dart        |    52 |    44 |       ||    96
         Searing Ray       |     9 |    18 |     5 ||    32
         Iskenderun's Myst |       |     2 |     3 ||     5
  Evoke: Wand              |       |       |     2 ||     2
    Use: Scroll            |     5 |     1 |       ||     6
         Potion            |     1 |     5 |     1 ||     7
   Stab: Sleeping          |       |     1 |       ||     1
 Armour: Robe              |     4 |    10 |    11 ||    25
         Skin              |       |     5 |       ||     5
  Dodge: Dodged            |     2 |    13 |    11 ||    26
